 Dungeon Crawl Stone Soup version 0.28-a0-472-g50180c0d78 (webtiles) character file.

Game seed: 12889530370640152883

1161 Dabor the Sneak (level 8, -1/37 HPs)
             Began as a Vine Stalker Necromancer on Sept 15, 2021.
             Was a Priest of Kikubaaqudgha.
             Slain by a two-headed ogre (12 damage)
             ... on level 5 of the Dungeon.
             The game lasted 00:16:40 (4938 turns).

Dabor the Sneak (Vine Stalker Necromancer)          Turns: 4938, Time: 00:16:41

Health: -1/37      AC:  5    Str: 11    XL:     8   Next: 39%
Magic:  0/16       EV: 13    Int: 17    God:    Kikubaaqudgha [***...]
Gold:   287        SH:  0    Dex: 15    Spells: 6/17 levels left

rFire   . . .      SeeInvis .   c - +3 whip (venom)
rCold   . . .      Faith    .   (no shield)
rNeg    . . .      Spirit   +   a - +0 robe
rPois   .          Reflect  .   (no helmet)
rElec   .          Harm     .   n - +0 cloak
rCorr   .          Rampage  .   g - +0 pair of gloves
Will    +....                   p - +0 pair of boots
Stlth   +++.......              (no amulet)
HPRegen 1.12/turn               q - ring of flight
MPRegen 0.15/turn               (no ring)

@: flying
A: fangs 3, regeneration 1, magic shield, antimagic bite, no potion heal 2
a: Renounce Religion, Receive Corpses


You were on level 5 of the Dungeon.
You worshipped Kikubaaqudgha.
Kikubaaqudgha was most pleased with you.
You visited 1 branch of the dungeon, and saw 5 of its levels.

You collected 287 gold pieces.

Inventory:

Hand Weapons
 c - a +3 whip of venom (weapon)
Armour
 a - a +0 robe (worn)
 g - a +0 pair of gloves (worn)
 n - a +0 cloak (worn)
 p - a +0 pair of boots (worn)
Jewellery
 q - a ring of flight (left hand)
Wands
 k - a wand of paralysis (20)
 o - a wand of polymorph (6)
Scrolls
 b - 2 scrolls of teleportation
 d - 2 scrolls of noise
 l - 2 scrolls of fog
 m - a scroll of identify
Potions
 e - a potion of brilliance
 f - a potion of flight {unknown}
 h - a potion of resistance
 i - a potion of curing {unknown}
 j - 2 potions of invisibility {unknown}


   Skills:
 + Level 0.7 Fighting
 + Level 4.2 Dodging
 + Level 6.6 Stealth
 + Level 5.2 Spellcasting
 + Level 6.2 Necromancy
 + Level 0.7 Evocations


You had 6 spell levels left.
You knew the following spells:

 Your Spells              Type           Power      Damage    Failure   Level
a - Pain                  Necr           100%       1d9       1%          1
b - Animate Skeleton      Necr           50%        N/A       1%          1
c - Vampiric Draining     Necr           12%        2d7       3%          3
d - Dispel Undead         Necr           25%        3d12      11%         4
e - Sublimation of Blood  Necr           12%        N/A       1%          2

Your spell library contained the following spells:

 Spells                   Type           Power      Damage    Failure   Level
 Animate Dead             Necr           12%        N/A       11%         4
 Slow                     Hex            4%         N/A       22%         2
 Agony                    Necr           25%        N/A       30%         5
 Excruciating Wounds      Necr           12%        N/A       30%         5
 Confusing Touch          Hex            4%         N/A       38%         3
 Ignite Poison            Fire/Tmut/Pois 4%         N/A       38%         3
 Mephitic Cloud           Conj/Pois/Air  4%         N/A       38%         3
 Borgnjor's Vile Clutch   Necr/Erth      7%         N/A       71%         5
 Death Channel            Necr           12%        N/A       86%         6
 Freezing Cloud           Conj/Ice/Air   2%         6-21      98%         5
 Yara's Violent Unravell  Hex/Tmut       2%         3d3       98%         5
 Simulacrum               Ice/Necr       7%         N/A       99%         6


Dungeon Overview and Level Annotations

Branches:
Dungeon (5/15)
 Temple: D:4-7

Altars:
Cheibriados
Fedhas
Kikubaaqudgha
Qazlal
Uskayaw


Innate Abilities, Weirdness & Mutations

You have razor-sharp teeth.
Your natural rate of healing is unusually fast.
When hurt, damage is shared between your health and your magic reserves.
Your bite disrupts and absorbs the magic of your enemies.
Potions cannot restore your health.


Message History

The adder closely misses you.
Casting: Vampiric Draining (dangerous; 3% risk of failure)
Confirm with . or Enter, or press ? or * to list all spells.
Aiming: Vampiric Draining (dangerous; 3% risk of failure)
Press: ? - help, Shift-Dir - straight line, f - adder
Aim: an adder (moderately wounded, very poisoned)
You draw life force from the adder.
You kill the adder!
Kikubaaqudgha accepts your kill.
Casting: Vampiric Draining (dangerous; 3% risk of failure)
Confirm with . or Enter, or press ? or * to list all spells.
You attempt to give life to the dead...
Before your eyes, flesh is ripped from the corpse!
The dead are slithering!
Your adder skeleton crumbles into dust!
A two-headed ogre comes into view.
It is wielding a +0 giant spiked club and a +0 giant club.
The two-headed ogre shouts in stereo!
The two-headed ogre writhes in agony!
Casting: Pain (safe; 1% risk of failure)
Confirm with . or Enter, or press ? or * to list all spells.
Aiming: Vampiric Draining (dangerous; 3% risk of failure)
Press: ? - help, Shift-Dir - straight line, f/p - two-headed ogre
Aim: a two-headed ogre, wielding a +0 giant spiked club and a +0 giant club (lightly wounded)
You draw life force from the two-headed ogre.
The two-headed ogre completely misses you.
The two-headed ogre hits you with a +0 giant club.
You hit the two-headed ogre. Your bite misses the two-headed ogre.
The two-headed ogre is moderately wounded.
The two-headed ogre barely misses you. The two-headed ogre closely misses you.
You hit the two-headed ogre.
The two-headed ogre is poisoned.
The two-headed ogre is moderately wounded.
You hit the two-headed ogre.
The two-headed ogre looks as sick as possible!
The two-headed ogre is heavily wounded.
The two-headed ogre hits you with a +0 giant spiked club!!
Ouch! That really hurt!
* * * LOW HITPOINT WARNING * * *
The two-headed ogre hits you with a +0 giant club!
You die...
Kikubaaqudgha rasps: "You have failed me!
Welcome... death!"

## .. #.########
#.#......#####.#
#.#.##..........
#.O....#.#####.
###@####.#
#.####.##
#.......#
#.......#
#.......#
#.......#
#.......#
#.......#
#.......# ..


You could see a two-headed ogre (extremely poisoned).

Vanquished Creatures
  Pikel (D:4)
  Sigmund (D:3)
  A sky beast (D:5)
  A lemure (D:4)
  A bullfrog (D:4)
  A water moccasin skeleton (D:5)
  2 hounds (D:4)
  An iguana (D:5)
  2 hound skeletons (D:4)
  Robin (D:4)
  6 gnolls (D:4)
  4 adders
  A worm (D:2)
  11 dart slugs
  6 orcs (D:4)
  3 endoplasms
  3 giant cockroaches
  4 hobgoblins
  A jackal (D:3)
  5 kobolds
  2 quokkas (D:2)
  4 ball pythons
  2 bats
  A frilled lizard (D:2)
  13 goblins
  7 rats
85 creatures vanquished.

Vanquished Creatures (collateral kills)
  A gnoll (D:4)
  2 goblins
  A hobgoblin (D:4)
  3 jackals (D:3)
7 creatures vanquished.

Grand Total: 92 creatures vanquished

Notes
Turn   | Place    | Note
-------+----------+-------------------------------------------
     0 | D:1      | Dabor the Vine Stalker Necromancer began the quest for the
                  | Orb.
     0 | D:1      | Reached XP level 1. HP: 9/9 MP: 4/4
    72 | D:1      | Learned a level 1 spell: Animate Skeleton
   226 | D:1      | Reached XP level 2. HP: 8/13 MP: 3/6
  1371 | D:2      | Reached XP level 3. HP: 15/16 MP: 3/7
  1374 | D:2      | Found a faded altar of an unknown god.
  1384 | D:2      | Became a worshipper of Kikubaaqudgha
  1384 | D:2      | Reached * piety under Kikubaaqudgha
  1384 | D:2      | Received a gift from Kikubaaqudgha
  1389 | D:2      | Learned a level 3 spell: Vampiric Draining
  2143 | D:2      | Gained mutation: Your natural rate of healing is unusually
                  | fast. [Vine Stalker growth]
  2143 | D:2      | Reached XP level 4. HP: 8/21 MP: 2/9
  3263 | D:3      | Noticed Sigmund
  3297 | D:3      | Killed Sigmund
  3298 | D:3      | Reached XP level 5. HP: 23/24 MP: 1/11
  3298 | D:3      | Reached XP level 6. HP: 27/28 MP: 1/12
  3315 | D:3      | Reached ** piety under Kikubaaqudgha
  3470 | D:3      | Reached skill level 5 in Necromancy
  3835 | D:4      | Found a hide-covered altar of Uskayaw.
  3930 | D:4      | Found a stormy altar of Qazlal.
  3930 | D:4      | Noticed Robin
  3936 | D:4      | Killed Robin
  4156 | D:4      | Noticed Pikel
  4189 | D:4      | Killed Pikel
  4190 | D:4      | Reached XP level 7. HP: 15/32 MP: 0/15
  4190 | D:4      | Gained mutation: You have razor-sharp teeth. [Vine Stalker
                  | growth]
  4190 | D:4      | Reached XP level 8. HP: 17/36 MP: 0/16
  4223 | D:4      | Reached skill level 5 in Spellcasting
  4239 | D:4      | Found a blossoming altar of Fedhas.
  4400 | D:4      | Found a snail-covered altar of Cheibriados.
  4406 | D:4      | Reached *** piety under Kikubaaqudgha
  4406 | D:4      | Received a gift from Kikubaaqudgha
  4412 | D:4      | Learned a level 4 spell: Dispel Undead
  4415 | D:4      | Learned a level 2 spell: Sublimation of Blood
  4577 | D:5      | Entered Level 5 of the Dungeon
  4932 | D:5      | Noticed a two-headed ogre
  4938 | D:5      | Slain by a two-headed ogre

Illustrated notes

Levels and vault maps discovered:
D:1:      minmay_arrival_hallway, layout_basic, minmay_pentomino_s2
D:2:      layout_basic, hellmonk_ecumenical_altar_blasted,
          small_statue_intersection
D:3:      kennysheep_slugbush, layout_rooms, chequers_serial_rivers_small_b,
          minmay_stone_trees_medium, minivault_27, uniq_sigmund
D:4:      layout_rooms, old_standard_altar, lemuel_tele_altar,
          lemuel_crystal_altar, old_standard_altar, uniq_pikel, uniq_robin
D:5:      layout_loops_cross, beargit_hepliaklqana_dungeon_heroes,
          gammafunk_temple_overflow_claw, serial_shops, shop, minivault_24,
          lexackson_kobold_supper

Skill      XL: |  1  2  3  4  5  6  7  8 |
---------------+-------------------------+-----
Stealth        | 3 4 6 |  6.6
Dodging        | 2 3 4 |  4.2
Spellcasting   | 3 4 5 |  5.2
Necromancy     | 5 6 |  6.2
Fighting       | |  0.7
Evocations     | |  0.7

Action                   |  1- 3 |  4- 6 |  7- 9 || total
-------------------------+-------+-------+-------++-------
Melee: Unarmed           |    19 |       |       ||    19
       Bite              |    13 |    26 |     7 ||    46
       Whip              |    28 |    92 |    41 ||   161
 Cast: Pain              |    15 |    50 |     5 ||    70
       Animate Skeleton  |     7 |     8 |     4 ||    19
       Vampiric Draining |       |     3 |     9 ||    12
       Dispel Undead     |       |       |     2 ||     2
  Use: Scroll            |     5 |     4 |       ||     9
       Potion            |       |     1 |       ||     1
 Stab: Sleeping          |     3 |       |     3 ||     6
       Distracted        |     1 |       |       ||     1
Armor: Robe              |     5 |    19 |     4 ||    28
Dodge: Dodged            |    28 |   101 |    27 ||   156

Table legend: (Time is in decaauts)
 A = Elapsed time spent in this place.
 B = Non-inter-level travel time spent in this place.
 C = Inter-level travel time spent in this place.
 D = Time resting spent in this place.
 E = Time spent auto-exploring this place.
 F = Levels seen in this place.
 G = Mean time per level.
                   A        B        C        D        E       F      G
               +--------+--------+--------+--------+--------+-----+--------+
         Total |   4988 |   4858 |    130 |   1294 |   2329 |   5 |  997.6 |
       Dungeon |   4988 |   4858 |    130 |   1294 |   2329 |   5 |  997.6 |
               +--------+--------+--------+--------+--------+-----+--------+

Top non-repeatable levels by time:
     D:2: 1938 daAuts
     D:1: 1200 daAuts
     D:4: 796 daAuts
     D:3: 690 daAuts
     D:5: 361 daAuts
